 Dungeon Crawl Stone Soup version 0.27-a0-412-g8dd771eca2 (webtiles) character file.

Game seed: 7917795851469083553

5868 Morbidden the Chiller (level 10, -13/71 (74) HPs)
             Began as a Demonspawn Ice Elementalist on Feb 24, 2021.
             Was a Believer of Cheibriados.
             Killed themself with a badly aimed burst of rock shards (17 damage)
             ... on level 9 of the Dungeon.
             The game lasted 00:21:41 (10834 turns).

Morbidden the Chiller (DsIE)                       Turns: 10834, Time: 00:21:41

HP:   -13/71 (74)   AC: 14    Str: 13    XL:     10   Next: 52%
MP:   29/29         EV: 17    Int: 21    God:    Cheibriados [**....]
Gold: 500           SH:  0    Dex: 24    Spells: 11/22 levels left

rFire    . . .     SeeInvis .   b - +0 hunting sling
rCold    . . .     Faith    .   (no shield)
rNeg     . . .     Spirit   .   v - +0 robe
rPois    .         Reflect  .   (helmet restricted)
rElec    .         Harm     .   N - +0 cloak
rCorr    .         Rampage  .   I - +0 pair of gloves
Will     .....                  (boots unavailable)
Stlth    ++........             (no amulet)
HPRegen  0.21/turn              f - +6 ring of dexterity
MPRegen  0.42/turn              C - ring of magical power

@: icy armour, lightly drained, very slow
A: hooves 3, horns 1, yellow scales 2, dopey 1, sense surroundings 1, spiny 1,
magic regeneration
a: Renounce Religion, Bend Time


You were on level 9 of the Dungeon.
You worshipped Cheibriados.
Cheibriados was pleased with you.
You visited 2 branches of the dungeon, and saw 10 of its levels.

You collected 570 gold pieces.
You spent 70 gold pieces at shops.

Inventory:

Hand Weapons
 a - a +2 dagger of venom
 b - a +0 hunting sling (weapon)
 h - a +3 scimitar of flaming
Missiles
 d - 40 poisoned darts
 j - 5 curare-tipped darts
 l - 44 sling bullets (quivered ammo)
 m - 3 boomerangs
Armour
 v - a +0 robe (worn)
 w - a +0 tower shield
 E - a +2 kite shield
 I - a +0 pair of gloves (worn)
 N - a +0 cloak (worn)
Jewellery
 f - a +6 ring of dexterity (left hand)
 C - a ring of magical power (right hand)
 D - a ring of magical power
 G - a ring of fire {unknown}
Wands
 u - a wand of paralysis (2)
 K - a wand of digging (2)
Scrolls
 c - 2 scrolls of amnesia {unknown}
 e - 3 scrolls of fog {unknown}
 i - a scroll of teleportation {unknown}
 k - 2 scrolls of immolation {unknown}
 o - 6 scrolls of identify {unknown}
 p - 4 scrolls of magic mapping
 q - 2 scrolls of fear {unknown}
 r - 2 scrolls of blinking {unknown}
 s - 3 scrolls of noise {unknown}
 t - a scroll of summoning {unknown}
 x - a scroll of random uselessness {unknown}
 y - a scroll of enchant weapon {unknown}
 L - 2 scrolls of enchant armour {unknown}
Potions
 g - a potion of cancellation
 n - a potion of flight
 z - a potion of might
 A - 3 potions of degeneration
 B - 2 potions of lignification
 H - a potion of attraction {unknown}
 J - a potion of brilliance {unknown}
Miscellaneous
 F - a tin of tremorstones (2/2)


   Skills:
 * Level 5.3 Fighting
 + Level 6.3(6.4) Slings
 + Level 1.8(4.4) Throwing
 * Level 5.2 Dodging
 + Level 2.2 Stealth
 * Level 4.0 Shields
 * Level 6.8 Spellcasting
 * Level 3.8 Summonings
 * Level 7.2 Ice Magic


You had 11 spell levels left.
You knew the following spells:

 Your Spells              Type           Power        Failure   Level
a - Freeze                Ice            100%         1%          1
b - Frozen Ramparts       Ice            74%          1%          3
c - Ozocubu's Armour      Ice            37%          1%          3
d - Summon Ice Beast      Ice/Summ       30%          10%         4

Your spell library contained the following spells:

 Spells                   Type           Power        Failure   Level
 Hailstorm                Conj/Ice       22%          21%         4


Dungeon Overview and Level Annotations

Branches:
Dungeon (9/15)             Temple (1/1) D:7
   Lair: D:8-11         Orc: D:9-12

Altars:
Ashenzari
Cheibriados
Dithmenos
Elyvilon
Fedhas
Gozag
Hepliaklqana
Kikubaaqudgha
Makhleb
Nemelex Xobeh
Okawaru
Qazlal
Ru
Sif Muna
Trog
Uskayaw
Vehumet
Wu Jian
Xom
Yredelemnul
Zin
The Shining One

Shops:
D:4 *(!   D:5 *

Annotations:
D:3 3 runed translucent doors, Crazy Yiuf; feta's ghost, amateur HOFi


Innate Abilities, Weirdness & Mutations

You have hooves in place of feet.
You are mostly covered in yellow scales. (AC +3)
You are partially covered in sharp spines.
You regenerate magic rapidly.
You have a pair of small horns on your head.
You are dopey. (Int -2)
You passively map a small area around you.


Message History

Fire: 47 sling bullets
Press: ? - help, Q - select action, (/) - cycle Shift-Dir - straight line, f/p - wight
Aim: a wight, wielding a +6 spear and wearing a +0 robe (almost destroyed, 69% to hit)
You shoot a sling bullet.
The sling bullet closely misses the wight.
The wight hits you from afar with a +6 spear!
* * * LOW HITPOINT WARNING * * *
You feel drained.
* * * LOW HITPOINT WARNING * * *
Fire: 46 sling bullets
Press: ? - help, Q - select action, (/) - cycle Shift-Dir - straight line, f/p - wight
Aim: a wight, wielding a +6 spear and wearing a +0 robe (almost destroyed, 69% to hit)
You shoot a sling bullet.
The sling bullet barely misses the wight.
The wight completely misses you.
Fire: 45 sling bullets
Press: ? - help, Q - select action, (/) - cycle Shift-Dir - straight line, f/p - wight
Aim: a wight, wielding a +6 spear and wearing a +0 robe (almost destroyed, 69% to hit)
You shoot a sling bullet.
The sling bullet hits the wight but does no damage.
The wight is almost destroyed.
The wight misses you.
Unknown command.
Unknown command.
Unknown command.
Okay, then.
Fire: 44 sling bullets
Press: ? - help, Q - select action, (/) - cycle Shift-Dir - straight line, f/p - wight
Aim: a wight, wielding a +6 spear and wearing a +0 robe (almost destroyed, 69% to hit)
Okay, then.
Okay, then.
Okay, then.
Unknown command.
Unknown command.
The tremorstone explodes into fragments!
The burst of rock shards engulfs the wight.
You destroy the wight!
Cheibriados appreciates the change of pace.
The burst of rock shards engulfs you!
You die...

#...............####. ,
#........###.#######. ,
#........# #.# #.... ,
,#........# #)# #.### *
####..######)####...+ ,
,, ##.# #..).....## #)##
#........## ,
.##..####[.......## * .
#.#@(..).'(.......#. , ,
.(((#.#(#..###......#.#.
* , #.(.)(...#
#......#.#. , ,
#Y.......# #......#.#. *
#.Y....(...##.........#.
#.##.......##.#.#######.
*# #<........#.#.# ## *,
, ,,#.(...[##.#.#.# ,
,#......# ...#.#


There were no monsters in sight!

Vanquished Creatures
  Erica (D:8)
  A two-headed ogre (D:8)
  Joseph (D:8)
  A troll (D:9)
  5 yaks (D:9)
  Eustachio (D:6)
  2 water moccasins
  A black bear (D:7)
  Duvessa (D:4)
  3 ice beasts
  5 ogres
  A phantom (D:5)
  2 centaurs
  2 bullfrogs
  A kobold brigand (D:7)
  Dowan (D:4)
  3 scorpions
  3 killer bees (D:8)
  9 wights
  A vampire bat (D:8)
  3 howler monkeys (D:8)
  A quasit (D:6)
  2 hounds
  2 bullfrog skeletons
  An orc priest (D:4)
  Ijyb (D:4)
  Natasha (thrice) (D:3)
  3 iguanas
  5 orc wizards
  5 worker ants
  A howler monkey skeleton (D:7)
  A howler monkey zombie (D:8)
  7 adders
  A gnoll (D:1)
  2 shadow imps
  2 adder skeletons
  8 worms
  7 dart slugs
  2 leopard geckos
  15 orcs
  7 bats
  2 bat skeletons (D:8)
  3 bat zombies (D:8)
  5 giant cockroaches
  8 goblins
  13 hobgoblins
  15 kobolds
  5 quokkas
  A ball python (D:3)
  5 frilled lizards
  A jackal zombie (D:5)
  A leopard gecko skeleton (D:4)
  13 rats
196 creatures vanquished.

Vanquished Creatures (others)
  5 plants (D:2)
5 creatures vanquished.

Grand Total: 201 creatures vanquished

Notes
Turn   | Place    | Note
-------+----------+-------------------------------------------
     0 | D:1      | Morbidden the Demonspawn Ice Elementalist began the quest
                  | for the Orb.
     0 | D:1      | Reached XP level 1. HP: 13/13 MP: 3/3
   277 | D:1      | Gained mutation: You are partially covered in yellow
                  | scales. (AC +2) [demonic ancestry]
   277 | D:1      | Reached XP level 2. HP: 13/19 MP: 5/5
   302 | D:1      | Reached skill level 4 in Ice Magic
   869 | D:1      | Gained mutation: You are mostly covered in yellow scales.
                  | (AC +3) [demonic ancestry]
   869 | D:1      | Reached XP level 3. HP: 24/25 MP: 6/6
   873 | D:1      | Learned a level 3 spell: Frozen Ramparts
  1552 | D:2      | Reached skill level 1 in Throwing
  1832 | D:2      | Gained mutation: You are partially covered in sharp spines.
                  | [demonic ancestry]
  1832 | D:2      | Reached XP level 4. HP: 31/31 MP: 2/8
  2311 | D:2      | Reached skill level 1 in Fighting
  2446 | D:3      | Found a faded altar of an unknown god.
  2482 | D:3      | Reached skill level 1 in Slings
  2482 | D:3      | Gained mutation: You have large cloven feet. [demonic
                  | ancestry]
  2482 | D:3      | Reached XP level 5. HP: 32/37 MP: 2/9
  2586 | D:3      | Noticed Natasha
  2589 | D:3      | Killed Natasha
  2676 | D:3      | Noticed Natasha
  2681 | D:3      | Killed Natasha
  2721 | D:3      | Noticed Natasha
  2726 | D:3      | Killed Natasha
  2911 | D:3      | Found a runed translucent door.
  2912 | D:3      | Noticed Crazy Yiuf
  3002 | D:3      | Gained mutation: You regenerate magic rapidly. [demonic
                  | ancestry]
  3002 | D:3      | Reached XP level 6. HP: 34/43 MP: 8/11
  3535 | D:3      | Found a large runed translucent door.
  3537 | D:3      | Found a large runed translucent door.
  3540 | D:3      | Noticed feta's ghost (amateur HOFi)
  3715 | D:3      | Found a bloodstained altar of Trog.
  3839 | D:4      | Noticed Ijyb
  3845 | D:4      | Paralysed by Ijyb for 5 turns
  3850 | D:4      | Killed Ijyb
  3861 | D:4      | Found Taliowaul's Distillery.
  3986 | D:4      | Noticed Duvessa
  3992 | D:4      | Killed Duvessa
  3993 | D:4      | Reached XP level 7. HP: 44/51 MP: 7/12
  4047 | D:4      | Noticed Dowan
  4053 | D:4      | Killed Dowan
  4412 | D:4      | Found Asanaave's General Store.
  4416 | D:4      | Bought 2 scrolls of magic mapping for 70 gold pieces
  4451 | D:4      | Found Huop Mowne's Weapon Emporium.
  4683 | D:5      | Entered Level 5 of the Dungeon
  4798 | D:5      | Reached skill level 1 in Shields
  4840 | D:5      | Found a shimmering altar of Xom.
  5041 | D:5      | Reached skill level 5 in Ice Magic
  5561 | D:5      | Gained mutation: You have hoof-like feet. [demonic
                  | ancestry]
  5561 | D:5      | Reached XP level 8. HP: 26/57 MP: 14/14
  5744 | D:5      | Found an opulent altar of Gozag.
  5745 | D:5      | Found Gozag's Platinum Reserve.
  5880 | D:5      | Found a white marble altar of Elyvilon.
  6191 | D:6      | Learned a level 3 spell: Ozocubu's Armour
  6196 | D:6      | Learned a level 4 spell: Summon Ice Beast
  6727 | D:6      | Reached skill level 1 in Summonings
  6767 | D:6      | Noticed Eustachio
  6775 | D:6      | Killed Eustachio
  6790 | D:6      | Reached skill level 5 in Slings
  6979 | D:6      | Reached skill level 5 in Spellcasting
  7682 | D:7      | Found a sparkling altar of Nemelex Xobeh.
  7718 | D:7      | Found a staircase to the Ecumenical Temple.
  7725 | Temple   | Entered the Ecumenical Temple
  8092 | D:7      | Gained mutation: You have hooves in place of feet. [demonic
                  | ancestry]
  8092 | D:7      | Reached XP level 9. HP: 38/62 MP: 16/16
  8328 | D:7      | Found a snail-covered altar of Cheibriados.
  8345 | D:7      | Became a worshipper of Cheibriados the Contemplative
  8775 | D:7      | Reached skill level 6 in Ice Magic
  9352 | D:8      | Reached * piety under Cheibriados
  9399 | D:8      | Noticed Joseph
  9424 | D:8      | Killed Joseph
  9785 | D:8      | Noticed a two-headed ogre
  9799 | D:8      | Killed a two-headed ogre
  9800 | D:8      | Reached XP level 10. HP: 11/73 MP: 19/19
 10177 | D:8      | Noticed Erica
 10189 | D:8      | Gained mutation: You have a pair of small horns on your
                  | head. [potion of mutation]
 10189 | D:8      | Gained mutation: You are dopey. (Int -2) [potion of
                  | mutation]
 10189 | D:8      | Gained mutation: You passively map a small area around you.
                  | [potion of mutation]
 10194 | D:8      | Killed Erica
 10417 | D:8      | Found a hide-covered altar of Uskayaw.
 10442 | D:8      | Found an ancient bone altar of Kikubaaqudgha.
 10491 | D:9      | Reached ** piety under Cheibriados
 10566 | D:9      | Reached skill level 5 in Fighting
 10600 | D:9      | Reached skill level 7 in Ice Magic
 10798 | D:9      | Reached skill level 5 in Dodging
 10831 | D:9      | HP: 3/71 [wight/+6 spear (4)]
 10834 | D:9      | Killed themself with a badly aimed burst of rock shards

Illustrated notes

Levels and vault maps discovered:
D:1:      nzn_arrival_depleted_hourglass, layout_rooms, grunt_decor_clamped
D:2:      cheibrodos_old_hovel, layout_rooms, grunt_ministairs_14,
          amcnicky_mini_rare_corridor_liquid, kennysheep_generic_room_3
D:3:      layout_loops_ring, lightli_temple_of_fire,
          ebering_ghost_disaster_area, chequers_ecumenical_altar_simple_redux,
          uniq_natasha, uniq_crazy_yiuf_cottage
D:4:      layout_basic, serial_shops, shop, shop_statue,
          nicolae_shop_behind_doors, uniq_duvessa, uniq_ijyb
D:5:      layout_basic, nicolae_gozag_zags_fifth_avenue,
          nicolae_overflow_hidden_temple, xom_teletrap_fun
D:6:      layout_basic, nicolae_benzene_ring, hangedman_abyss_or_decor_stagger,
          uniq_eustachio
D:7:      layout_basic, nemelex_xobeh_ov_fountains_minmay, slow_altar_2,
          temple_green, minmay_diced_spiral
D:8:      layout_cave_pools, kennysheep_vampire_church, kennysheep_mini,
          uniq_joseph, uniq_erica
D:9:      layout_basic
Temple:   zaba_magenta_temple

Skill      XL: |  1  2  3  4  5  6  7  8  9 10 |
---------------+-------------------------------+-----
Dodging        | 2 3 4 5 |  5.2
Ice Magic      | 4 5 6 7 |  7.2
Throwing       | 1 |  1.8
Fighting       | 1 2 3 4 5 |  5.3
Slings         | 1 2 3 4 5 6 |  6.3
Spellcasting   | 3 4 5 6 |  6.8
Shields        | 1 2 3 4 |  4.0
Stealth        | 2 |  2.2
Summonings     | 1 3 |  3.8

Action                   |  1- 3 |  4- 6 |  7- 9 | 10-12 || total
-------------------------+-------+-------+-------+-------++-------
Melee: Unarmed           |    29 |     2 |       |       ||    31
       Dagger            |       |       |    15 |    15 ||    30
       Kick              |       |       |     6 |     3 ||     9
       Headbutt          |       |       |       |     5 ||     5
 Fire: Hunting sling     |       |   127 |   276 |    60 ||   463
Throw: Dart              |    89 |     6 |    15 |       ||   110
 Cast: Freeze            |    30 |    30 |    35 |     3 ||    98
       Frozen Ramparts   |     2 |     4 |    41 |     8 ||    55
       Ozocubu's Armour  |       |       |     9 |     2 ||    11
Evoke: Wand              |       |       |       |     1 ||     1
  Use: Potion            |       |       |     3 |     7 ||    10
       Scroll            |       |       |     1 |       ||     1
 Stab: Sleeping          |     1 |       |       |       ||     1
Armor: Robe              |    12 |     4 |    43 |    12 ||    71
       Skin              |       |       |       |     4 ||     4
Dodge: Dodged            |    48 |    14 |   132 |    42 ||   236

Table legend: (Time is in decaauts)
 A = Elapsed time spent in this place.
 B = Non-inter-level travel time spent in this place.
 C = Inter-level travel time spent in this place.
 D = Time resting spent in this place.
 E = Time spent auto-exploring this place.
 F = Levels seen in this place.
 G = Mean time per level.
                   A        B        C        D        E       F      G
               +--------+--------+--------+--------+--------+-----+--------+
         Total |  11234 |  10893 |    341 |    399 |   8651 |  10 | 1123.4 |
       Dungeon |  11160 |  10837 |    323 |    399 |   8597 |   9 | 1240.0 |
        Temple |     73 |     55 |     18 |      0 |     54 |   1 |   73.0 |
               +--------+--------+--------+--------+--------+-----+--------+

Top non-repeatable levels by time:
     D:7: 1694 daAuts
     D:8: 1533 daAuts
     D:1: 1531 daAuts
     D:6: 1503 daAuts
     D:3: 1433 daAuts
     D:5: 1361 daAuts
     D:2: 890 daAuts
     D:4: 844 daAuts
     D:9: 367 daAuts
  Temple: 73 daAuts
